Map: Hard Lead LE

Players

Reynor - Winner!

  • Race: Zerg Zerg
  • League: Master
  • Spawn Location: 11:00

YoungYakov

  • Race: Zerg Zerg
  • League: Grandmaster
  • Spawn Location: 5:00

Event: IEM Katowice 2024

VOD

Have the link to the VOD?

Description

Time

  • Played on: Dec. 8, 2023, 12:20 p.m.
  • Length: 6:38

All games in this series

Show
View Real Time Build Order
Export as new Build Order

Reynor Zerg - Winner!

Build Orders: Hatch First 

Get SALT Encoding   

  12  0:00  Drone  
  13  0:12  Overlord  
  13  0:17  Drone  
  14  0:30  Drone x2  
  16  0:47  Hatchery  
  15  0:50  Drone  
  15  0:54  Drone  
  17  0:57  Drone  
  18  1:08  Extractor  
  17  1:12  Spawning Pool  
  17  1:15  Drone  
  17  1:18  Drone  
  18  1:27  Drone  
  19  1:38  Drone  
  20  1:49  Drone  
  21  1:59  Overlord  
  21  2:00  Zergling x2, Queen x2  
  26  2:09  Metabolic Boost  
  26  2:10  Drone  
  26  2:11  Drone  
  28  2:20  Drone  
  28  2:21  Drone  
  30  2:32  Zergling x2  
  30  2:34  Hatchery  
  30  2:41  Drone  
  30  2:42  Baneling Nest  
  30  2:44  Drone  
  30  2:48  Drone  
  32  2:52  Overlord  
  32  2:57  Drone  
  33  3:05  Drone  
  34  3:11  Drone  
  34  3:12  Drone  
  36  3:13  Zergling x4, Drone x2  
  36  3:14  Overlord  
  40  3:21  Zergling x2  
  40  3:22  Zergling x2  
  42  3:28  Roach Warren  
  42  3:31  Zergling x2  
  42  3:33  Zergling x2  
  42  3:34  Baneling  
  43  3:41  Zergling x8  
  47  3:44  Baneling  
  47  3:46  Baneling x2  
  47  3:48  Overlord  
  47  4:00  Zergling x6  
  47  4:01  Overlord  
  50  4:15  Roach x5  
  55  4:24  Roach  
  54  4:31  Roach  
  54  4:32  Zergling x2  
  54  4:33  Zergling x12  
  54  4:37  Queen  
  62  4:45  Baneling x2  
  61  4:46  Drone x3  
  61  4:48  Extractor  
  61  4:51  Drone  
  62  4:54  Drone  
  62  4:56  Drone  
  64  5:03  Overlord  
  64  5:04  Drone  
  64  5:05  Drone  
  64  5:06  Evolution Chamber  
  65  5:10  Drone x2  
  66  5:16  Drone x4  
  66  5:17  Drone x2  
  70  5:25  Overlord  
  70  5:27  Drone  
  70  5:28  Drone  
  69  5:29  Lair  
  70  5:35  Drone  
  70  5:37  Drone x5, Extractor  
  70  5:38  Extractor  
  70  5:39  Roach x2  
  74  5:49  Zergling x2, Roach x2  
  66  6:00  Roach x2, Spine Crawler  
  66  6:01  Zergling x6, Roach  
  66  6:03  Spine Crawler  
  74  6:06  Overlord  
  74  6:07  Roach  
  74  6:08  Roach  
  78  6:12  Zergling x2, Roach x2  
Show
View Real Time Build Order
Export as new Build Order

YoungYakov Zerg 

Build Orders: Hatch First, Zergling Baneling 

Get SALT Encoding   

  12  0:00  Drone  
  13  0:12  Overlord  
  13  0:16  Drone  
  14  0:30  Drone x2  
  16  0:47  Hatchery  
  15  0:51  Drone  
  15  0:54  Drone  
  17  0:57  Drone  
  18  1:08  Extractor  
  17  1:13  Spawning Pool  
  17  1:16  Drone  
  17  1:19  Drone  
  18  1:27  Drone  
  19  1:39  Drone  
  20  1:49  Drone  
  21  1:59  Queen x2  
  21  2:00  Zergling x2  
  21  2:01  Overlord  
  26  2:10  Drone x2  
  26  2:11  Metabolic Boost  
  28  2:21  Drone x2  
  30  2:31  Zergling x2  
  30  2:36  Hatchery  
  30  2:39  Drone  
  31  2:44  Queen  
  31  2:49  Overlord  
  33  2:53  Drone  
  33  2:54  Drone  
  33  2:57  Drone  
  36  3:04  Baneling Nest  
  36  3:05  Drone  
  36  3:09  Zergling x4  
  36  3:12  Zergling x4  
  39  3:16  Zergling x2  
  39  3:19  Overlord  
  40  3:23  Drone x2  
  42  3:33  Drone  
  43  3:39  Drone x2  
  45  3:43  Roach Warren  
  45  3:46  Evolution Chamber  
  45  3:48  Zergling x6  
  45  3:50  Drone x2  
  45  3:54  Baneling  
  45  3:55  Baneling  
  47  3:56  Baneling  
  47  4:00  Extractor, Drone x3  
  47  4:01  Zergling x4  
  51  4:13  Baneling x2  
  49  4:19  Baneling  
  49  4:20  Overlord  
  48  4:26  Drone x5  
  49  4:40  Roach  
  49  4:41  Zergling x2, Roach x3  
  49  4:43  Queen  
  59  4:48  Roach  
  59  4:51  Zergling x10  
  66  4:59  Baneling x2  
  65  5:01  Overlord x3  
  56  5:18  Zergling x12  
  59  5:23  Roach x4  
  61  5:29  Roach x2  
  61  5:30  Zergling x6  
  64  5:37  Queen  
  64  5:42  Zergling x6  
  50  5:53  Drone x3  
  50  5:59  Zergling x2  
  51  6:04  Roach x3  
  51  6:06  Baneling  
  51  6:08  Zergling x2  
  51  6:11  Baneling x2  
  58  6:13  Zergling x4  
  58  6:17  Zergling x4  
  61  6:20  Zergling x2  

Tags
 
Add a new tag
Caveats
  • Supply blocks, unpowered buildings, or Contaminate may cause inaccurate times.
  • Supply counts are checked every 10 seconds.